 Dungeon Crawl Stone Soup version 0.20-b1-18-gaa2fd62 (webtiles) character file.

935 MTVSty1e the Skirmisher (level 7, -8/66 HPs)
             Began as a Minotaur Fighter on May 24, 2017.
             Was an Initiate of Okawaru.
             Mangled by Sigmund
             ... wielding a +0 scythe
              (11 damage)
             ... on level 6 of the Dungeon.
             The game lasted 00:07:08 (4018 turns).

MTVSty1e the Skirmisher (Minotaur Fighter)          Turns: 4018, Time: 00:07:09

Health: -8/66      AC:  9    Str: 25    XL:     7   Next: 87%
Magic:  6/6        EV:  8    Int:  5    God:    Okawaru [......]
Gold:   181        SH: 11    Dex: 14    Spells: 6/6 levels left

rFire    . . .     SeeInvis .   o - +0 war axe (venom)
rCold    . . .     Gourm    .   c - +0 shield
rNeg     . . .     Faith    .   b - +0 scale mail
rPois    +         Spirit   .   (helmet unavailable)
rElec    .         Reflect  .   (no cloak)
rCorr    .         Harm     .   (no gloves)
MR       .....                  (no boots)
Stlth    ..........             (no amulet)
Regen    0.3/turn               x - ring "Fepsoec" {rPois Dex+4 Slay+2}
MPRegen  0.1/turn               (no ring)

@: mighty
A: retaliatory headbutt, horns 3, talons 1, slimy green scales 1, weak 1
a: Renounce Religion


You were on level 6 of the Dungeon.
You worshipped Okawaru.
Okawaru was noncommittal.
You were hungry.

You visited 2 branches of the dungeon, and saw 7 of its levels.

You collected 181 gold pieces.

Inventory:

Hand Weapons
 a - a +0 war axe
 o - a +0 war axe of venom (weapon)
Armour
 b - a +0 scale mail (worn)
 c - a +0 shield (worn)
Jewellery
 x - the ring "Fepsoec" (left hand) {rPois Dex+4 Slay+2}
   (You found it on level 5 of the Dungeon)

   [ring of poison resistance]

   It affects your dexterity (+4).
   It affects your accuracy and damage with ranged weapons and melee attacks
   (+2).
   It protects you from poison.
Wands
 r - a wand of polymorph (0/24)
Scrolls
 e - 4 scrolls of identify {unknown}
 h - a scroll of immolation {unknown}
 i - a scroll of random uselessness {unknown}
 j - 6 scrolls of remove curse {unknown}
 k - 4 scrolls of teleportation {unknown}
 m - 2 scrolls of blinking {unknown}
 q - 3 scrolls of magic mapping {unknown}
 s - 2 scrolls of recharging {unknown}
 t - a scroll of fog {unknown}
 v - a scroll of enchant weapon {unknown}
Potions
 d - a potion of might
 g - 4 potions of curing
 n - a potion of cancellation {unknown}
 p - 2 potions of heal wounds {unknown}
 u - 3 potions of ambrosia {unknown}
 w - a potion of degeneration {unknown}
Comestibles
 f - 6 bread rations
 l - a royal jelly


   Skills:
 * Level 7.1 Fighting
 * Level 7.0 Axes
 + Level 5.6 Armour
 + Level 5.3 Shields


You had 6 spell levels left.
You didn't know any spells.

Dungeon Overview and Level Annotations

Branches:
Dungeon (6/15)             Temple (1/1) D:5

Altars:
Cheibriados
Dithmenos
Elyvilon
Fedhas
Gozag
Kikubaaqudgha
Makhleb
Nemelex Xobeh
Okawaru
Qazlal
Ru
Sif Muna
Trog
Uskayaw
Vehumet
Xom
Zin
The Shining One

Annotations:
D:6 Sigmund


Innate Abilities, Weirdness & Mutations

You reflexively headbutt those who attack you in melee.
You have a pair of large horns on your head.
You have sharp toenails.
You are partially covered in slimy green scales. (AC +2)
You are weak. (Str -2)


Message History

Press: ? - help, Shift-Dir - straight line, f/p - electric eel
Aim: an electric eel (chance to defeat MR: 54%) Nothing appears to happen.
Something hits you but does no damage.
The electric eel shoots out a bolt of lightning at you!
The bolt of electricity hits you!
* * * LOW HITPOINT WARNING * * *
The electric eel shoots out a bolt of lightning at you!
The bolt of electricity hits the electric eel.
The electric eel completely resists.
The bolt of electricity hits you!
* * * LOW HITPOINT WARNING * * *
Unknown command.
You completely miss the electric eel. Your kick misses the electric eel.
You hit the plant but do no damage. You slash the plant!
The plant is poisoned.
You hit the plant but do no damage.
The electric eel shoots out a bolt of lightning at you!
The bolt of electricity hits the electric eel.
The electric eel completely resists.
The bolt of electricity hits you!
* * * LOW HITPOINT WARNING * * *
Something hits you!
You die...

#...#...........
#........|......
#...............
#...............
#.............≈.
###.........≈.PP≈
#....{.....PPPPP≈
#.###...≈.PP≈♣≈≈.
#...#.P@PP♣≈≈≈PP
#.#PPPP;≈♣≈≈.≈.
#.≈PP≈≈≈♣PPP≈..
#..P≈≈;≈♣P.#..#
#.P≈≈≈♣♣PP≈..##
#..P≈≈≈ ♣PP≈.#
#.PPP≈♣≈


PPP# #..P≈P ≈PP You could see 2 electric eels.

Vanquished Creatures
  A sky beast (D:5)
  An ogre (D:5)
  2 centaurs (D:5)
  A jelly (D:5)
  A centaur skeleton (D:5)
  2 hounds
  3 bullfrog skeletons
  5 worker ants
  Natasha (thrice) (D:4)
  3 orc wizards
  A worker ant zombie (D:5)
  4 adders
  An ooze (D:4)
  A worm (D:3)
  4 dart slugs
  2 leopard geckos
  10 orcs
  7 bats
  3 giant cockroaches
  4 goblins
  4 hobgoblins
  6 jackals
  4 kobolds
  4 quokkas
  2 ball pythons
  5 frilled lizards
  7 rats
  2 plants (D:3)
93 creatures vanquished.

Notes
Turn   | Place    | Note
-------+----------+-------------------------------------------
     0 | D:1      | MTVSty1e the Minotaur Fighter began the quest for the Orb.
     0 | D:1      | Reached XP level 1. HP: 19/19 MP: 0/0
   318 | D:1      | Reached XP level 2. HP: 27/27 MP: 1/1
   872 | D:2      | Reached XP level 3. HP: 33/33 MP: 2/2
  1286 | D:3      | Reached XP level 4. HP: 40/40 MP: 3/3
  1996 | D:4      | Reached XP level 5. HP: 47/47 MP: 4/4
  2083 | D:4      | Reached skill level 5 in Fighting
  2093 | D:4      | Found an opulent altar of Gozag.
  2122 | D:4      | Noticed Natasha
  2126 | D:4      | Killed Natasha
  2192 | D:4      | Noticed Natasha
  2197 | D:4      | Killed Natasha
  2214 | D:4      | Reached skill level 5 in Axes
  2214 | D:4      | Reached XP level 6. HP: 56/56 MP: 5/5
  2438 | D:4      | Noticed Natasha
  2446 | D:4      | Killed Natasha
  2844 | D:5      | Entered Level 5 of the Dungeon
  3108 | D:5      | Reached XP level 7. HP: 63/63 MP: 6/6
  3113 | D:5      | Reached skill level 5 in Armour
  3113 | D:5      | Reached skill level 5 in Shields
  3175 | D:5      | Got a steaming ivory ring
  3176 | D:5      | Identified the ring "Fepsoec" {rPois Dex+4 Slay+2} (You found it on level 5 of the Dungeon)
  3546 | D:5      | Gained mutation: You have a pair of large horns on your head. [mutagenic meat]
  3547 | D:5      | Gained mutation: You have sharp toenails. [mutagenic meat]
  3548 | D:5      | Gained mutation: You are weak. (Str -2) [mutagenic meat]
  3549 | D:5      | Gained mutation: You are partially covered in slimy green scales. (AC +2) [mutagenic meat]
  3602 | D:5      | Found a staircase to the Ecumenical Temple.
  3639 | Temple   | Entered the Ecumenical Temple
  3653 | Temple   | Became a worshipper of Warmaster Okawaru
  3994 | D:6      | Noticed Sigmund
  4018 | D:6      | HP: 3/66 [electric eel/bolt of electricity (3)]
  4018 | D:6      | Mangled by Sigmund

Skill      XL: |  1  2  3  4  5  6  7 |
---------------+----------------------+-----
Axes           | 3 4 5 6 7 |  7.0
Fighting       | 4 5 6 7 |  7.1
Shields        | 4 5 |  5.3
Armour         | 4 5 |  5.6

Action                   |  1- 3 |  4- 6 |  7- 9 || total
-------------------------+-------+-------+-------++-------
Melee: War axe           |    55 |    91 |    43 ||   189
       Headbutt          |     7 |    17 |     6 ||    30
       Kick              |       |       |     6 ||     6
Evoke: Wand              |       |       |     1 ||     1
  Use: Potion            |       |       |     2 ||     2
  Eat: Royal jelly       |     1 |     1 |     1 ||     3
       Fruit             |       |     4 |       ||     4
       Chunk             |       |       |     5 ||     5
Armor: Scale mail        |    32 |    30 |    15 ||    77
Dodge: Dodged            |    15 |    27 |    10 ||    52
Block: Shield            |    27 |    45 |    19 ||    91
